 Dungeon Crawl Stone Soup version 0.23.2-30-g0e89c35649 (webtiles) character file.

Game seed: 2524192350427075798

66 Solarlg the Chopper (level 3, 0/33 HPs)
             Began as a Draconian Berserker on June 10, 2019.
             Was a Follower of Trog.
             Slain by a gnoll
             ... wielding a +0 spear
              (4 damage)
             ... on level 2 of the Dungeon.
             The game lasted 00:04:07 (1348 turns).

Solarlg the Chopper (Draconian Berserker)           Turns: 1348, Time: 00:04:08

Health: 0/33       AC:  6    Str: 20    XL:     3   Next: 96%
Magic:  3/3        EV: 12    Int:  7    God:    Trog [*.....]
Gold:   25         SH:  0    Dex: 10    Spells: 2/2 levels left

rFire    . . .     SeeInvis .   a - +0 hand axe
rCold    . . .     Gourm    .   (no shield)
rNeg     . . .     Faith    .   (armour unavailable)
rPois    .         Spirit   .   (helmet restricted)
rElec    .         Reflect  .   h - +0 cloak
rCorr    .         Harm     .   (no gloves)
MR       .....                  (no boots)
Stlth    +.........             (no amulet)
HPRegen  0.11/turn              (no ring)
MPRegen  0.08/turn              (no ring)

@: berserk cooldown, slowed, very slow
A: unfitting armour, cold-blooded, AC +5
a: Berserk, Renounce Religion


You were on level 2 of the Dungeon.
You worshipped Trog.
Trog was aware of your devotion.
You were not hungry.

You visited 1 branch of the dungeon, and saw 2 of its levels.

You collected 25 gold pieces.

Inventory:

Hand Weapons
 a - a +0 hand axe (weapon)
Armour
 h - a +0 cloak (worn)
Jewellery
 d - a +2 ring of evasion {unknown}
Scrolls
 g - a scroll of magic mapping {unknown}
 i - a scroll of teleportation {unknown}
 j - 3 scrolls of identify {unknown}
Potions
 c - 2 potions of heal wounds {unknown}
 e - a potion of degeneration {unknown}
 f - a potion of invisibility {unknown}
 k - a potion of might {unknown}
 m - a potion of curing {unknown}
Comestibles
 b - 2 rations
 l - 2 chunks of flesh


   Skills:
 + Level 4.0 Fighting
 + Level 4.1 Axes
 - Level 3.0 Dodging


You had 2 spell levels left.
You didn't know any spells.
Your spell library was empty.

Dungeon Overview and Level Annotations

Branches:
Dungeon (2/15)

Altars:

Annotations:
D:2 Natasha


Innate Abilities, Weirdness & Mutations

Your plain brown scales are hard. (AC +5)
You cannot fit into any form of body armour.
You are cold-blooded and may be slowed by cold attacks.


Message History

Natasha casts a spell.
Things that are here:
a +0 spear; a kobold corpse; a gnoll corpse You feel a strong urge to attack something.
The gnoll hits you with a +0 spear!
* * * LOW HITPOINT WARNING * * *
You are no longer berserk.
Trog's vigour flows through your veins.
You are exhausted.
You feel yourself slow down.
Things that are here:
a +0 spear; a kobold corpse; a gnoll corpse The gnoll hits you but does no damage.
Natasha mumbles some strange words.
The gnoll hits you but does no damage. Natasha claws you.
* * * LOW HITPOINT WARNING * * *
There is a stone staircase leading up, spattered with blood here.
The gnoll hits you from afar with a +0 spear.
You die...

##.###†###.####...#
##.## [..##.#.##.#
#...# ##...##
...#.###.#.#
##...#####.....####
.##.## ##..#
#(.................#
.###.###.###
#.##.#####.....####.
......#..#
#.............##
..####.#.#
#.##.########## ..#
#.#.#####.##.#
..####.#.....5.h@.#
.........#####g####
..####.÷.......#####
#.# ###.#####.....#
#.# #.# #####.# #.#
#.# #.# #.######.#
#g# #........# #.#
#.######## #g#######


You could see Natasha, a gnoll and a white imp.

Vanquished Creatures
  A gnoll (D:2)
  2 adders (D:2)
  2 oozes (D:1)
  An adder skeleton (D:2)
  A leopard gecko (D:1)
  6 bats
  A giant cockroach (D:1)
  3 goblins (D:1)
  3 hobgoblins (D:1)
  A kobold (D:2)
  A quokka (D:2)
  2 frilled lizards
  3 rats (D:1)
27 creatures vanquished.

Notes
Turn   | Place    | Note
-------+----------+-------------------------------------------
     0 | D:1      | Solarlg the Draconian Berserker began the quest for the
                  | Orb.
     0 | D:1      | Reached XP level 1. HP: 19/19 MP: 1/1
    98 | D:1      | Reached XP level 2. HP: 16/26 MP: 2/2
  1113 | D:2      | Reached XP level 3. HP: 30/33 MP: 3/3
  1305 | D:2      | Noticed Natasha
  1348 | D:2      | Slain by a gnoll

Skill      XL: |  1  2  3 |
---------------+----------+-----
Dodging        | 3 |  3.0
Axes           | 4 |  4.1
Fighting       | 4 |  4.0

Action                   || total
-------------------------++-------
Melee: Hand axe          ||    92
       Tailslap          ||     2
Invok: Berserk           ||     1
  Eat: Ration            ||     1
Armor: Skin              ||    58
Dodge: Dodged            ||    81
